AoeStats
← Kiko10200

Pilgrims

510219659Analyzed
3v3 RM · 4d ago on Sep 30, 2026· 25m 1s· 6 players
Game mode
Random Map
Map size
Normal (6 player)
Population
200
Speed
Normal
Resources
Standard
Victory
Conquest
Starting age
Dark Age
Ending age
Imperial Age
RankedLock teamsTeams togetherTeam positionsShared explorationLock speedFull tech treeHidden civsTurbo modeCheats
Victory
Defeat
🇲🇽 Italians · Mexico
1128
+9
🇲🇽 Byzantines · Mexico
1000
+42
🇲🇽 Japanese · Mexico
990
+14
🇺🇸 Celts · United States
1007
-14
🇲🇽 Bohemians · Mexico
951
-12
🇲🇽 Burgundians · Mexico
932
-11
Ruxin
6:12 Loom
9:33 Feudal Age
10:46 Double-Bit Axe
18:10 Castle Age
17:15 Gold Mining
Pikapork
iiggzz
10:27 Loom
14:09 Feudal Age
15:42 Horse Collar
22:35 Castle Age
20:47 Double-Bit Axe
andonihc9
15:08 Feudal Age
14:18 Loom
17:35 Double-Bit Axe
20:16 Forging
19:57 Fletching
22:41 Castle Age
21:18 Stone Mining
21:58 Fishing Lines
23:40 Gillnets
23:36 Crossbowman
Kiko10200
4:01 Loom
11:43 Feudal Age
12:18 Gold Mining
12:10 Fishing Lines
12:46 Double-Bit Axe
15:36 Forging
17:37 Castle Age
18:13 Fletching
18:34 Medium Warships
18:15 Gillnets
19:58 Iron Casting
20:00 Bodkin Arrow
21:15 Bow Saw
22:15 Wheelbarrow
21:27 Town Watch
22:32 Padded Archer Armor
25:37 Leather Archer Armor
Faruk4999
4:33 Loom
13:26 Feudal Age
14:51 Fishing Lines
15:06 Stone Mining
15:08 Gold Mining
15:34 Double-Bit Axe
18:15 Castle Age
17:12 Wheelbarrow
20:18 Bow Saw
20:46 Gold Shaft Mining
22:16 Forging
22:06 Scale Mail Armor
21:58 Fletching
25:10 Iron Casting
24:50 Chain Mail Armor
Connection lost

Rejoining the realm…

Still unreachable

The connection could not be restored.

Session expired

The server has moved on; the page needs a fresh start.